 Dungeon Sprint DCSS version 0.31-a0-18-gea43df2a32 (webtiles) character file.

Game seed: 10214665444489953842

5261 bmack86 the Warrior (level 10, -1/105 HPs)
             Began as a Minotaur Berserker on May 10, 2023.
             Was the Champion of Trog.
             Slain by an 11-headed hydra (8 damage)
             ... while paralysed by a floating eye
             ... in the Dungeon (Sprint I: "Red Sonja").
             The game lasted 00:07:12 (1045 turns).

bmack86 the Warrior (Minotaur Berserker)            Turns: 1045, Time: 00:07:17

Health: -1/105     AC: 17    Str: 27    XL:     10   Next: 36%
Magic:  9/9        EV:  2    Int:  4    God:    Trog [******]
Gold:   417        SH:  0    Dex:  9    Spells: 9/9 levels left

rFire   . . .        l - +4 battleaxe (flame)
rCold   . . .        (shield currently unavailable)
rNeg    . . .        k - +4 chain mail {Will+}
rPois   .            (helmet restricted)
rElec   .            (no cloak)
rCorr   .            (no gloves)
SInv    .            (no boots)
Will    +....        (no amulet) Stlth
                     (no ring)
HPRegen 0.37/turn    (no ring)
MPRegen 0.11/turn

%: no teleportation
@: paralysed
A: horns 2, retaliatory headbutt
a: Renounce Religion, Berserk, Trog's Hand, Brothers in Arms


You were in the Dungeon.
You worshipped Trog.
Trog was exalted by your worship.
You visited 1 branch You collected 826 gold pieces.
You spent 409 gold pieces at shops.

Inventory:

Hand Weapons
 a - a +0 hand axe
 l - a +4 battleaxe of flaming (weapon)
Missiles
 b - 6 curare-tipped darts (quivered)
Armour
 j - a +0 chain mail
 k - a +4 chain mail of willpower (worn)
Wands
 i - a wand of digging (3)
Scrolls
 h - a scroll of blinking
Potions
 c - 2 potions of curing
 d - a potion of heal wounds
 e - a potion of flight {unknown}
 f - 2 potions of magic
 g - a potion of berserk rage


   Skills:
 + Level 15.1 Fighting
 + Level 15.1 Axes
 + Level 9.2 Throwing
 + Level 14.4 Armour
 - Level 2.9 Dodging
 + Level 8.4 Evocations


You had 9 spell levels left.
You didn't know any spells.
Your spell library was empty.

Dungeon Overview and Level Annotations

Branches:
Dungeon (1/1)

Altars:
Cheibriados
Dithmenos
Elyvilon
Fedhas
Gozag
Hepliaklqana
Kikubaaqudgha
Makhleb
Nemelex Xobeh
Okawaru
Qazlal
Ru
Sif Muna
Trog
Uskayaw
Vehumet
Wu Jian
Xom
Yredelemnul
Zin
The Shining One
Jiyva
Lugonu

Shops:
D ([


Innate Abilities, Weirdness & Mutations

You have a pair of horns on your head.
You reflexively headbutt those who attack you in melee.


Message History

You start resting.
HP restored.
You open the door.
A 12-headed hydra and a floating eye come into view.
The 12-headed hydra roars!
The floating eye turns its gaze towards you.
The floating eye seems to glare at you.
Found 54 gold pieces.
You lop one of the 12-headed hydra's heads off!
The flame cauterises the wound!
You slice the 11-headed hydra!! You burn the 11-headed hydra!
The 11-headed hydra is moderately wounded.
The floating eye gazes piercingly through you!
You suddenly lose the ability to move!
The 11-headed hydra bites you! x2
The 11-headed hydra bites you. The 11-headed hydra bites you!
The 11-headed hydra bites you.
The 11-headed hydra bites you but does no damage.
The 11-headed hydra bites you!
The 11-headed hydra bites you but does no damage.
The 11-headed hydra bites you. x2
The 11-headed hydra bites you but does no damage.
The floating eye's stare focuses on you.
The 11-headed hydra bites you but does no damage.
The 11-headed hydra bites you! The 11-headed hydra bites you.
* * * LOW HITPOINT WARNING * * *
The 11-headed hydra bites you but does no damage. x3
The 11-headed hydra bites you.
* * * LOW HITPOINT WARNING * * *
The 11-headed hydra bites you!
* * * LOW HITPOINT WARNING * * *
The 11-headed hydra bites you but does no damage. x2
The 11-headed hydra bites you.
* * * LOW HITPOINT WARNING * * *
The 11-headed hydra bites you!
* * * LOW HITPOINT WARNING * * *
The 11-headed hydra bites you but does no damage.
The 11-headed hydra bites you.
* * * LOW HITPOINT WARNING * * *
The 11-headed hydra bites you!
You die...

#####################
....[.§...§†.§§§@DG$#
..##+#§####§§.§§##$.+
..+ #§# ##§§§## ##
### +.# ###+# .# ###
§# §# +#


You could see a 11-headed hydra and a floating eye (charged).

Vanquished Creatures
  2 centaur warriors (D)
  A deep troll (D)
  A lindwurm (D)
  2 kobold demonologists (D)
  A hornet (D)
  A slime creature (D)
  Sigmund (D)
  A yak (D)
  13 hogs (D)
  A floating eye (D)
  An ogre (D)
  A jelly (D)
  Ijyb (D)
27 creatures vanquished.

Notes
Turn   | Place    | Note
-------+----------+-------------------------------------------
     0 | D        | bmack86 the Minotaur Berserker began the quest for the Orb.
     0 | D        | Reached XP level 1. HP: 19/19 MP: 0/0
     3 | D        | Noticed Ijyb
    11 | D        | Killed Ijyb
    12 | D        | Reached skill level 5 in Fighting
    12 | D        | Reached skill level 5 in Axes
    12 | D        | Reached XP level 2. HP: 25/29 MP: 1/1
    54 | D        | Noticed an ogre
    58 | D        | Killed an ogre
    59 | D        | Reached skill level 5 in Armour
    59 | D        | Reached XP level 3. HP: 39/39 MP: 2/2
    59 | D        | Reached XP level 4. HP: 47/47 MP: 3/3
   108 | D        | Noticed Sigmund
   112 | D        | Killed Sigmund
   112 | D        | Reached ** piety under Trog
   113 | D        | Reached XP level 5. HP: 57/57 MP: 4/4
   256 | D        | Found a burning altar of Makhleb.
   256 | D        | Found a viscous altar of Jiyva.
   256 | D        | Found a shimmering altar of Xom.
   256 | D        | Found a corrupted altar of Lugonu.
   256 | D        | Noticed a slime creature
   261 | D        | Killed a slime creature
   262 | D        | Reached skill level 10 in Fighting
   262 | D        | Reached skill level 10 in Axes
   262 | D        | Reached XP level 6. HP: 67/67 MP: 5/5
   291 | D        | Found an ornate altar of the Wu Jian Council.
   291 | D        | Found a shimmering blue altar of Sif Muna.
   293 | D        | Found a radiant altar of Vehumet.
   326 | D        | Found Dohetaot's Antique Weapon Emporium.
   326 | D        | Found an ancient bone altar of Kikubaaqudgha.
   326 | D        | Found a hazy altar of Hepliaklqana.
   326 | D        | Found a stormy altar of Qazlal.
   326 | D        | Found a hide-covered altar of Uskayaw.
   326 | D        | Found a blossoming altar of Fedhas.
   326 | D        | Found a bloodstained altar of Trog.
   326 | D        | Found an iron altar of Okawaru.
   326 | D        | Found a basalt altar of Yredelemnul.
   326 | D        | Found a glowing golden altar of the Shining One.
   326 | D        | Found a snail-covered altar of Cheibriados.
   326 | D        | Found a sacrificial altar of Ru.
   326 | D        | Found a glowing silver altar of Zin.
   326 | D        | Found a shadowy altar of Dithmenos.
   326 | D        | Found a white marble altar of Elyvilon.
   326 | D        | Noticed a yak
   330 | D        | Killed a yak
   331 | D        | Reached skill level 10 in Armour
   331 | D        | Reached skill level 1 in Evocations
   331 | D        | Reached XP level 7. HP: 74/74 MP: 6/6
   331 | D        | Found an opulent altar of Gozag.
   332 | D        | Found a sparkling altar of Nemelex Xobeh.
   384 | D        | Noticed a kobold demonologist
   384 | D        | Noticed a kobold demonologist
   387 | D        | Noticed a chaos spawn
   391 | D        | Killed a kobold demonologist
   391 | D        | Reached *** piety under Trog
   395 | D        | Killed a kobold demonologist
   396 | D        | Reached XP level 8. HP: 83/83 MP: 7/7
   450 | D        | Noticed a centaur warrior
   450 | D        | Noticed a centaur warrior
   464 | D        | Killed a centaur warrior
   464 | D        | Reached **** piety under Trog
   465 | D        | Reached skill level 5 in Throwing
   465 | D        | Reached skill level 5 in Evocations
   469 | D        | Noticed a hornet
   474 | D        | Killed a hornet
   478 | D        | Killed a centaur warrior
   479 | D        | Reached XP level 9. HP: 25/93 MP: 8/8
   680 | D        | Noticed a deep troll
   689 | D        | Killed a deep troll
   702 | D        | Found Fadi's Armour Emporium.
   710 | D        | Bought a +4 chain mail of willpower for 409 gold pieces
   846 | D        | Noticed a lindwurm
   852 | D        | Killed a lindwurm
   895 | D        | Reached ***** piety under Trog
   905 | D        | Reached XP level 10. HP: 90/104 MP: 9/9
   926 | D        | Reached skill level 15 in Axes
   929 | D        | Reached skill level 15 in Fighting
   929 | D        | Reached ****** piety under Trog
   929 | D        | Received a gift from Trog
  1042 | D        | Noticed a 12-headed hydra
  1043 | D        | Paralysed by a floating eye for 2 turns
  1045 | D        | Slain by an 11-headed hydra

Illustrated notes

Levels and vault maps discovered:
D:        dungeon_sprint_1 [red_sonja_temple_1, red_sonja_temple_small_1]

Skill      XL: |  1  2  3  4  5  6  7  8  9 10 |
---------------+-------------------------------+-----
Fighting       | 5 7 9 10 11 12 13 14 15 | 15.1
Axes           | 5 7 9 10 11 12 13 14 15 | 15.1
Armour         | 3 5 8 9 10 11 12 13 14 | 14.4
Throwing       | 2 4 7 8 9 |  9.2
Evocations     | 1 4 6 7 8 |  8.4
Dodging        | |  2.9

Action                     |  1- 3 |  4- 6 |  7- 9 | 10-12 || total
---------------------------+-------+-------+-------+-------++-------
  Melee: Hand axe          |    10 |    11 |    48 |    23 ||    92
         Headbutt          |       |     2 |     6 |     3 ||    11
         Punch             |       |     2 |     2 |     1 ||     5
         Battleaxe         |       |       |       |     1 ||     1
  Throw: Dart              |       |       |     3 |       ||     3
 Invoke: Berserk           |     2 |     3 |     4 |     1 ||    10
  Evoke: Wand              |       |       |     1 |       ||     1
    Use: Potion            |       |       |     2 |       ||     2
         Scroll            |       |       |     1 |       ||     1
 Armour: Chain mail        |       |     1 |    27 |    19 ||    47
  Dodge: Dodged            |       |     3 |    17 |    13 ||    33

Table legend: (Time is in decaauts)
 A = Elapsed time spent in this place.
 B = Non-inter-level travel time spent in this place.
 C = Inter-level travel time spent in this place.
 D = Time resting spent in this place.
 E = Time spent auto-exploring this place.
 F = Levels seen in this place.
 G = Mean time per level.
                   A        B        C        D        E       F      G
               +--------+--------+--------+--------+--------+-----+--------+
         Total |   1097 |   1097 |      0 |    678 |      0 |   1 | 1097.0 |
       Dungeon |   1097 |   1097 |      0 |    678 |      0 |   1 | 1097.0 |
               +--------+--------+--------+--------+--------+-----+--------+

Top non-repeatable levels by time:
       D: 1097 daAuts
